 Dungeon Crawl Stone Soup version 0.32-a0-290-g598725c5f2 (webtiles) character file.

Game seed: 5402678321979841067

34790 Bravepunisher the Pandemonic (level 13, -7/69 HPs)
             Began as a Spriggan Monk on Feb 13, 2024.
             Was a High Priest of Makhleb.
             Mangled by a blink frog (13 damage)
             ... on level 4 of the Lair of Beasts.
             The game lasted 01:04:58 (13335 turns).

Bravepunisher the Pandemonic (Spriggan Monk)       Turns: 13335, Time: 01:04:58

Health: -7/69      AC:  5    Str: 17    XL:     13   Next: 44%
Magic:  29/29      EV: 32    Int: 11    God:    Makhleb [*****.]
Gold:   889        SH:  0    Dex: 21    Spells: 12/12 levels left

rFire   . . .        C - +4 dagger (venom)
rCold   + + .        (no shield)
rNeg    . . .        A - +2 robe {rC+}
rPois   .            (helmet restricted)
rElec   .            h - +0 cloak
rCorr   .            (gloves unavailable)
SInv    +            (boots unavailable)
Will    ++...        d - amulet of regeneration
Stlth   ++           e - +5 ring of evasion
HPRegen 1.11/turn    t - +6 ring of strength
MPRegen 0.21/turn

%: no passive effects
@: marked, frozen, quick
A: very small, no large weapons, unfitting armour, see invisible, speed 3, cold
resistance 1, high MP 1, strong 1, MP-powered wands
a: Renounce Religion, Minor Destruction, Lesser Servant of Makhleb, Major
Destruction, Greater Servant of Makhleb


You were on level 4 of the Lair of Beasts.
You worshipped Makhleb.
Makhleb was extremely pleased with you.
You visited 5 branches of the dungeon, and saw 19 of its levels.

You collected 889 gold pieces.

Inventory:

Hand Weapons
 C - a +4 dagger of venom (weapon)
Armour
 h - a +0 cloak (worn)
 A - a +2 robe of cold resistance (worn)
Jewellery
 d - an amulet of regeneration (around neck)
 e - a +5 ring of evasion (left hand)
 t - a +6 ring of strength (right hand)
Wands
 n - a wand of flame (7)
 q - a wand of acid (12)
 u - a wand of roots (12)
 D - a wand of mindburst (6)
Scrolls
 k - 3 scrolls of teleportation
 p - 2 scrolls of revelation
 s - a scroll of fear
 w - 5 scrolls of enchant weapon
 x - a scroll of fog
 G - 2 scrolls of silence
 J - a scroll of blinking
Potions
 b - 3 potions of might
 c - a potion of ambrosia
 i - a potion of attraction
 m - a potion of lignification
 z - 2 potions of mutation


   Skills:
 + Level 8.4 Fighting
 - Level 3.2 Short Blades
 - Level 5.4 Armour
 + Level 11.5 Dodging
 - Level 18.0 Invocations


You had 12 spell levels left.
You didn't know any spells.
Your spell library contained the following spells:

 Spells                   Type           Power      Damage    Failure   Level
 Shock                    Conj/Air       0%         1d3       34%         1
 Slow                     Hex            0%         N/A       34%         1
 Scorch                   Fire           0%         2d5       47%         2
 Confusing Touch          Hex            0%         N/A       71%         3
 Dazzling Flash           Conj/Hex       0%         N/A       71%         3
 Sigil of Binding         Hex            0%         N/A       71%         3
 Swiftness                Air            0%         N/A       71%         3
 Vampiric Draining        Necr           0%         2d6       71%         3
 Volatile Blastmotes      Fire/Tloc      0%         2d10      71%         3
 Airstrike                Air            0%         2d(0-16)  98%         4
 Animate Dead             Necr           0%         N/A       98%         4
 Flame Wave               Conj/Fire      0%         2d4       98%         4
 Borgnjor's Vile Clutch   Necr/Erth      0%         N/A       100%        5
 Death Channel            Necr           0%         N/A       100%        6
 Starburst                Conj/Fire      0%         6d3       100%        6
 Summon Cactus Giant      Summ           0%         N/A       100%        6
 Maxwell's Capacitive Co  Air            0%         ∞         100%        8


Dungeon Overview and Level Annotations

Branches:
Dungeon (11/15)            Temple (1/1) D:6            Lair (5/5) D:9
 Shoals (1/4) Lair:2       Spider (1/4) Lair:2
  Slime: Lair:4-5       Orc: D:9-12

Altars:
Ashenzari
Cheibriados
Dithmenos
Elyvilon
Fedhas
Gozag
Hepliaklqana
Kikubaaqudgha
Makhleb
Nemelex Xobeh
Okawaru
Qazlal
Ru
Sif Muna
Trog
Uskayaw
Vehumet
Wu Jian
Xom
Yredelemnul
Zin
The Shining One

Shops:
D:2 !

Annotations:
D:6 1 transporter
D:8 1 runed translucent door, jasper's ghost, novice DECj
D:10 Maurice
Lair:1 exclusion: oklob plant
Lair:3 DeathSocks's ghost, journeyman VSFi
Lair:4 Kirke


Innate Abilities, Weirdness & Mutations

You are very small and have problems with some larger weapons.
You are too small for most types of armour.
You have supernaturally acute eyesight. (SInv)
You cover ground extremely quickly. (Speed+++)
Your flesh is cold resistant. (rC+)
You have an increased reservoir of magic. (+10% MP)
Your muscles are strong. (Str +4, Int/Dex -1)
You expend magic power (3 MP) to strengthen your wands.


Message History

Your Executioner completely misses the komodo dragon.
Your Executioner hits the komodo dragon.
The komodo dragon dies!
Makhleb accepts your kill.
Your Executioner hits the blink frog!
Your Executioner hits the blink frog. x2
The rime drake breathes ice at you. The icy flash freeze hits you!
You partially resist.
You wake up.
* * * LOW HITPOINT WARNING * * *
You are encased in ice.
The hog barely misses you. The hog completely misses you.
The blink frog hits your Executioner!
Your Executioner hits the blink frog.
Your Executioner completely misses the blink frog.
Your Executioner hits the blink frog! The rime drake completely misses you.
You see here a hog corpse.
An eight-headed hydra, Kirke, a hog and 2 blink frogs come into view.
Your Executioner hits the blink frog!!
The blink frog dies!
Makhleb accepts your kill.
A blink frog comes into view.
Your Executioner hits the dream sheep!!
The dream sheep dies!
Makhleb accepts your kill. The hog bites you!
* * * LOW HITPOINT WARNING * * *
The hog barely misses you.
A blink frog comes into view.
The blink frog blinks!
The blink frog moves out of view.
Okay, then.
A blink frog comes into view.
Your Executioner hits the dream sheep!! Your Executioner hits the dream sheep.
The dream sheep dies!
Makhleb accepts your kill.
The blink frog hits something.
Your Executioner hits the rime drake.
Your Executioner hits the rime drake! x2
A blink frog comes into view.
The rime drake bites you.
* * * LOW HITPOINT WARNING * * *
A yak comes into view.
The blink frog hits something.
The blink frog hits you!
You die...

#.P #.. ..# ..##
.#. ## #.. #...
Y.Y.# #.###.#
##.Y.. .Y.F.
§F#.#h#..##
..... ..Y.
..FD.@D.@.#
#...# #..
FF##.#hkF##...##
#. #..h1.†#....#
## ###.h.#YY.#
#. #...†>.ß# #
#........# #.
#.....#....# ##
###.......Y# #.
#......#.Y.. ...


You could see Kirke, an eight-headed hydra, a five-headed hydra, a yak, 4 hogs,
5 blink frogs, a rime drake (ally target), 2 dream sheep and a friendly
Executioner (summoned, fast).

Vanquished Creatures
  2 hydras
  A catoblepas (D:10)
  Erica (D:8)
  4 death yaks (Lair:3)
  A two-headed ogre (D:10)
  Urug (Lair:3)
  Nergalle (Lair:1)
  A skyshark (Lair:5)
  A pharaoh ant (Lair:2)
  A lindwurm (Lair:5)
  Pikel (D:5)
  A manticore (D:11)
  9 elephants
  A merfolk siren (Lair:2)
  7 cane toads
  3 rime drakes
  6 komodo dragons
  A merfolk (Lair:2)
  2 polar bears
  2 trolls
  3 hornets
  Grinder (D:3)
  10 blink frogs
  A dream sheep (Lair:4)
  Sigmund (D:4)
  A jumping spider (Lair:2)
  A shadow (D:9)
  2 wyverns (D:9)
  21 yaks
  4 basilisks
  A steam dragon (D:7)
  Edmund (D:5)
  Duvessa (D:5)
  18 water moccasins
  Pargi (D:4)
  An ice beast (D:6)
  A black bear (D:9)
  3 orc warriors
  2 sky beasts (D:6)
  2 ogres
  8 wolves
  6 centaurs
  A lemure (D:5)
  2 phantoms
  A weeping skull (D:3)
  A kobold brigand (D:8)
  14 bullfrogs
  A gnoll sergeant (D:7)
  3 scorpions
  5 wights
  Dowan (D:5)
  2 howler monkeys
  2 jellies (D:6)
  A bombardier beetle (D:2)
  A gnoll bouda (D:6)
  2 orc priests
  A hound (D:5)
  2 sleepcaps (D:6)
  11 orc wizards
  Terence (D:3)
  Ijyb (D:3)
  7 iguanas
  10 adders
  14 gnolls
  9 river rats (D:5)
  2 shadow imps (D:6)
  4 dart slugs
  35 orcs
  4 ball pythons
  3 bats
  3 endoplasms
  5 giant cockroaches
  4 goblins
  7 hobgoblins
  11 jackals
  2 quokkas (D:4)
  2 frilled lizards
  10 kobolds
  17 rats
  A spectral orc (D:3)
340 creatures vanquished.

Vanquished Creatures (collateral kills)
  Joseph (D:8)
  2 black mambas
  2 rime drakes
  A komodo dragon (Lair:4)
  A blink frog (Lair:4)
  2 dream sheep (Lair:4)
  A slime creature (D:10)
  2 hogs (Lair:4)
  A centaur (D:8)
  3 wights (D:8)
16 creatures vanquished.

Vanquished Creatures (others)
  A kobold (D:3)
1 creature vanquished.

Grand Total: 357 creatures vanquished

Notes
Turn   | Place    | Note
-------+----------+-------------------------------------------
     0 | D:1      | Bravepunisher the Spriggan Monk began the quest for the
                  | Orb.
     0 | D:1      | Reached XP level 1. HP: 11/11 MP: 2/2
    90 | D:1      | Reached XP level 2. HP: 16/16 MP: 3/3
   243 | D:3      | Noticed Ijyb
   387 | D:4      | Reached skill level 5 in Dodging
   420 | D:4      | Noticed Pargi
   540 | D:4      | Noticed Sigmund
   609 | D:5      | Entered Level 5 of the Dungeon
   624 | D:5      | Noticed a phantom
   662 | D:6      | Found a staircase to the Ecumenical Temple.
   668 | Temple   | Entered the Ecumenical Temple
   684 | Temple   | Became a worshipper of Makhleb the Destroyer
   684 | Temple   | Reached * piety under Makhleb
   684 | Temple   | Reached ** piety under Makhleb
   743 | D:4      | Reached skill level 1 in Invocations
   743 | D:4      | Reached XP level 3. HP: 19/19 MP: 4/4
   851 | D:5      | Noticed Edmund
   875 | D:5      | Found a glowing silver altar of Zin.
   974 | D:5      | Noticed a lemure
   974 | D:5      | Noticed a lemure
   975 | D:5      | Noticed Pikel
   975 | D:5      | Noticed a lemure
   975 | D:5      | Noticed a lemure
   993 | D:4      | Noticed an ogre
  1006 | D:4      | Killed an ogre
  1007 | D:4      | Reached skill level 3 in Invocations
  1007 | D:4      | Reached XP level 4. HP: 23/23 MP: 4/7
  1197 | D:4      | Killed Sigmund
  1198 | D:4      | Reached skill level 5 in Invocations
  1198 | D:4      | Reached XP level 5. HP: 24/28 MP: 7/9
  1198 | D:4      | Reached XP level 6. HP: 28/32 MP: 7/10
  1651 | D:1      | Reached skill level 6 in Invocations
  1898 | D:1      | Found a faded altar of an unknown god.
  2117 | D:2      | Found Wirasm's Distillery.
  2554 | D:3      | Noticed Grinder
  2577 | D:3      | Killed Grinder
  2578 | D:3      | Reached skill level 7 in Invocations
  2578 | D:3      | Reached XP level 7. HP: 32/35 MP: 11/13
  2803 | D:3      | Killed Ijyb
  2982 | D:3      | Found a basalt altar of Yredelemnul.
  3125 | D:3      | Noticed Terence
  3130 | D:3      | Reached *** piety under Makhleb
  3135 | D:3      | Killed Terence
  3182 | D:3      | Found a shimmering blue altar of Sif Muna.
  3185 | D:3      | Reached skill level 8 in Invocations
  3197 | D:3      | Found an ancient bone altar of Kikubaaqudgha.
  3205 | D:3      | Found a radiant altar of Vehumet.
  3341 | D:4      | Killed Pargi
  3344 | D:4      | Noticed a hornet
  3350 | D:4      | Killed a hornet
  3351 | D:4      | Reached skill level 9 in Invocations
  3351 | D:4      | Reached XP level 8. HP: 39/39 MP: 15/15
  3873 | D:5      | Noticed an angel
  3954 | D:5      | Killed Edmund
  4264 | D:5      | Reached skill level 10 in Invocations
  4320 | D:5      | Reached **** piety under Makhleb
  4409 | D:5      | Noticed Dowan
  4409 | D:5      | Noticed Duvessa
  4462 | D:5      | Killed Duvessa
  4473 | D:5      | Killed Dowan
  4505 | D:5      | Killed Pikel
  4506 | D:5      | Reached skill level 11 in Invocations
  4506 | D:5      | Reached XP level 9. HP: 39/46 MP: 16/18
  5103 | D:6      | Found a sparkling altar of Nemelex Xobeh.
  5103 | D:6      | Found a transporter.
  5103 | D:6      | Noticed a troll
  5119 | D:6      | Reached skill level 5 in Fighting
  5318 | D:6      | Reached skill level 1 in Armour
  5397 | D:6      | Reached skill level 12 in Invocations
  5750 | D:6      | Found a hazy altar of Hepliaklqana.
  5750 | D:6      | Found a glowing golden altar of the Shining One.
  6253 | D:7      | Reached ***** piety under Makhleb
  6267 | D:7      | Reached XP level 10. HP: 51/51 MP: 20/20
  6331 | D:7      | Identified the +3 sling "Biagugy" {flame, *Slow rN+ Str+4}
  6736 | D:8      | Found a runed translucent door.
  6739 | D:8      | Noticed jasper's ghost (novice DECj)
  6778 | D:8      | Reached skill level 13 in Invocations
  6810 | D:8      | Found a shimmering altar of Xom.
  6878 | D:8      | Found an iron altar of Okawaru.
  6878 | D:8      | Found a shadowy altar of Dithmenos.
  6918 | D:8      | Found a stormy altar of Qazlal.
  6933 | D:8      | Noticed Erica
  6949 | D:8      | Killed Erica
  7039 | D:8      | Noticed Joseph
  7066 | D:8      | Killed Joseph
  7231 | D:8      | Reached skill level 14 in Invocations
  7369 | D:9      | Found an opulent altar of Gozag.
  7535 | D:9      | Found a broken altar of Ashenzari.
  7581 | D:9      | Found a sacrificial altar of Ru.
  7639 | D:9      | Reached XP level 11. HP: 55/55 MP: 22/22
  7825 | D:9      | Reached skill level 5 in Armour
  7947 | D:9      | Found a staircase to the Lair.
  8435 | D:10     | Entered Level 10 of the Dungeon
  8686 | D:10     | Noticed a two-headed ogre
  8703 | D:10     | Killed a two-headed ogre
  8704 | D:10     | Reached skill level 15 in Invocations
  9267 | D:10     | Noticed a catoblepas
  9283 | D:10     | Gained mutation: You are partially covered in iridescent
                  | scales. (AC +2) [potion of mutation]
  9283 | D:10     | Gained mutation: You are robust. (+10% HP) [potion of
                  | mutation]
  9284 | D:10     | Killed a catoblepas
  9330 | D:10     | Noticed Maurice
  9640 | Lair:1   | Entered Level 1 of the Lair of Beasts
  9795 | Lair:1   | Noticed Nergalle
  9822 | Lair:1   | Killed Nergalle
 10153 | Lair:1   | Reached skill level 16 in Invocations
 10284 | Lair:1   | Reached XP level 12. HP: 50/67 MP: 25/25
 10618 | Lair:1   | Found a shadowy altar of Dithmenos.
 10773 | Lair:2   | Noticed a four-headed hydra
 10783 | Lair:2   | Killed a four-headed hydra
 11127 | Lair:2   | Found a hole to the Spider Nest.
 11573 | Lair:2   | Found a staircase to the Shoals.
 11578 | Shoals:1 | Entered Level 1 of the Shoals
 11830 | Spider:1 | Entered Level 1 of the Spider Nest
 11952 | Lair:3   | Reached ****** piety under Makhleb
 11960 | Lair:3   | Reached skill level 17 in Invocations
 12081 | Lair:3   | Found a transporter.
 12085 | Lair:3   | Found a transporter.
 12089 | Lair:3   | Noticed a five-headed hydra
 12089 | Lair:3   | Noticed DeathSocks's ghost (journeyman VSFi)
 12096 | Lair:3   | Noticed Urug
 12194 | Lair:3   | Killed Urug
 12223 | Lair:3   | Noticed a death yak
 12225 | Lair:3   | Noticed a death yak
 12226 | Lair:3   | Noticed a death yak
 12277 | Lair:3   | Noticed a death yak
 12298 | Lair:3   | Lost mutation: You are partially covered in iridescent
                  | scales. (AC +2) [potion of mutation]
 12298 | Lair:3   | Lost mutation: You are robust. (+10% HP) [potion of
                  | mutation]
 12298 | Lair:3   | Gained mutation: Your muscles are strong. (Str +4, Int/Dex
                  | -1) [potion of mutation]
 12298 | Lair:3   | Gained mutation: You expend magic power (3 MP) to
                  | strengthen your wands. [potion of mutation]
 12298 | Lair:3   | Gained mutation: You have an increased reservoir of magic.
                  | (+10% MP) [potion of mutation]
 12298 | Lair:3   | Gained mutation: Your flesh is cold resistant. (rC+)
                  | [potion of mutation]
 12449 | Lair:3   | Reached skill level 10 in Dodging
 12656 | Lair:3   | Reached XP level 13. HP: 37/67 MP: 29/29
 13107 | Lair:4   | You fall into a shaft and drop 1 floor!
 13107 | Lair:5   | Entered Level 5 of the Lair of Beasts
 13174 | Lair:5   | Reached skill level 18 in Invocations
 13297 | Lair:5   | Identified the +6 trident "Hetarotta" {antimagic, rN+ Int+6
                  | Dex-3}
 13334 | Lair:4   | Noticed Kirke
 13335 | Lair:4   | Mangled by a blink frog

Illustrated notes

Levels and vault maps discovered:
D:1:      dpeg_arrival_windows_large_door, layout_loops_ring,
          shapermc_ecumenical_altar_venn
D:2:      layout_basic, serial_shops, shop
D:3:      layout_loops_ring, palyth_temple_overflow_mages,
          yredelemnul_forgotten_temple_becter,
          mainiacjoe_sewer_entry_somewhere_in_here_1, uniq_terence, uniq_ijyb,
          uniq_grinder
D:4:      layout_gridville, uniq_sigmund, uniq_pargi
D:5:      layout_layer_cave, zin_angel, dk_rats_in_the_wall, uniq_duvessa,
          uniq_edmund, uniq_pikel
D:6:      layout_cave_pods, grunt_nemelex_the_gamble,
          grunt_temple_overflow_open, temple_statues, minmay_increasing_density
D:7:      layout_rooms, hangedman_decor_points
D:8:      layout_cave_pools, mainiacjoe_overflow_boulevard,
          gammafunk_temple_overflow_forgotten, hellmonk_ghost_big_iron,
          uniq_erica, uniq_joseph
D:9:      layout_grid_maze, nicolae_ru_great_annihilating_truth,
          nicolae_ashenzari_panopticon, mainiacjoe_overflow_tiny_flanked,
          minmay_lair_entry_grove
D:10:     hellmonk_ruined_rings, layout_loops_corners, minmay_three_doors,
          uniq_maurice
D:11:     layout_loops_corners, minivault_13
Temple:   nicolae_temple_bog_church
Lair:1:   layout_hall_layers, grunt_forest_stairs_basic,
          chequers_serial_rivers_room_b, lemuel_oklob_altar, uniq_nergalle
Lair:2:   layout_roguey, elwin_shoals_entry_rooms,
          nicolae_spider_entry_lesser_pyramids, grunt_megastairs_4,
          serial_bayou_shore_b
Lair:3:   layout_chaotic_city, nzn_ghost_randoct, uniq_urug
Lair:4:   layout_long_grid, slime_entry_1, hellmonk_guarded_unrand_vines,
          grunt_megastairs_5, lemuel_fruit_fields, serial_bayou_shore_b,
          uniq_kirke
Lair:5:   wormcave, layout_cave_pods, hangedman_lair_tendril_chambers
Shoals:1: layout_shoals
Spider:1: layout_chambers, drop_trap, hangedman_spider_tarantella_strand

Skill      XL: |  1  2  3  4  5  6  7  8  9 10 11 12 13 |
---------------+----------------------------------------+-----
Dodging        | 5 7 10 11 | 11.5
Invocations    | 1 3 5 7 9 11 12 14 16 17 18 | 18.0
Fighting       | 4 5 6 7 8 |  8.4
Armour         | 2 4 5 |  5.4
Short Blades   | |  3.2

Action                     |  1- 3 |  4- 6 |  7- 9 | 10-12 | 13-15 || total
---------------------------+-------+-------+-------+-------+-------++-------
  Melee: Short sword       |    51 |     5 |    17 |       |       ||    73
         Dagger            |       |       |       |   219 |    31 ||   250
         Whip              |       |       |       |    15 |       ||    15
 Invoke: Minor Destruction |    14 |    84 |   353 |   587 |   122 ||  1160
         Lesser Servant of |       |       |     1 |     8 |     1 ||    10
         Greater Servant o |       |       |       |     1 |     1 ||     2
  Evoke: Wand              |       |       |     8 |     2 |     4 ||    14
    Use: Potion            |       |       |       |    15 |       ||    15
         Scroll            |       |       |       |    18 |       ||    18
   Stab: Sleeping          |     4 |       |       |       |       ||     4
         Distracted        |       |       |       |     1 |       ||     1
 Armour: Robe              |    11 |     5 |    31 |   161 |    25 ||   233
  Dodge: Dodged            |    54 |    24 |    95 |   568 |   109 ||   850

Table legend: (Time is in decaauts)
 A = Elapsed time spent in this place.
 B = Non-inter-level travel time spent in this place.
 C = Inter-level travel time spent in this place.
 D = Time resting spent in this place.
 E = Time spent auto-exploring this place.
 F = Levels seen in this place.
 G = Mean time per level.
                   A        B        C        D        E       F      G
               +--------+--------+--------+--------+--------+-----+--------+
         Total |   9158 |   8618 |    540 |    153 |   5468 |  19 |  482.0 |
       Dungeon |   6453 |   6069 |    384 |    119 |   3917 |  11 |  586.6 |
        Temple |     20 |      2 |     18 |      0 |      0 |   1 |   20.0 |
          Lair |   2674 |   2536 |    138 |     34 |   1551 |   5 |  534.8 |
        Shoals |      1 |      1 |      0 |      0 |      0 |   1 |    1.0 |
   Spider Nest |      7 |      7 |      0 |      0 |      0 |   1 |    7.0 |
               +--------+--------+--------+--------+--------+-----+--------+

Top non-repeatable levels by time:
     D:5: 966 daAuts
  Lair:3: 886 daAuts
     D:6: 842 daAuts
     D:4: 838 daAuts
  Lair:2: 822 daAuts
     D:9: 760 daAuts
  Lair:1: 748 daAuts
    D:10: 619 daAuts
     D:3: 568 daAuts
     D:2: 458 daAuts
     D:8: 438 daAuts
     D:1: 397 daAuts
     D:7: 392 daAuts
    D:11: 171 daAuts
  Lair:5: 166 daAuts
